 Dungeon Crawl Stone Soup version 0.28.0-53-g5a82cb258f (webtiles) character file.

Game seed: 3833340691605016433

2954 Robocop the Cleaver (level 9, -4/87 (89) HPs)
             Began as a Hill Orc Fighter on June 3, 2022.
             Slain by a troll (6 damage)
             ... on level 8 of the Dungeon.
             The game lasted 00:13:24 (7539 turns).

Robocop the Cleaver (Hill Orc Fighter)              Turns: 7539, Time: 00:13:25

HP:   -4/87 (89)    AC: 15    Str: 23    XL:     9   Next: 81%
MP:   9/9           EV:  4    Int:  8    God:
Gold: 358           SH:  9    Dex: 16    Spells: 8/8 levels left

rFire   + . .      SeeInvis .   a - +0 war axe
rCold   + . .      Faith    .   B - +0 kite shield
rNeg    . . .      Spirit   .   I - +0 plate armour
rPois   .          Reflect  .   n - +0 helmet
rElec   .          Harm     .   w - scarf {rC+ rF+}
rCorr   .          Rampage  .   i - +2 pair of gloves
Will    .....                   (no boots)
Stlth   ..........              (no amulet)
HPRegen 0.24/turn               d - +6 ring of dexterity
MPRegen 0.11/turn               (no ring)

@: lightly drained
A: no striking features
a: no special abilities


You were on level 8 of the Dungeon.
You visited 2 branches of the dungeon, and saw 9 of its levels.

You collected 358 gold pieces.

Inventory:

Hand Weapons
 a - a +0 war axe (weapon)
Missiles
 f - 285 stones
 h - 2 boomerangs
 v - 5 poisoned darts
Armour
 i - a +2 pair of gloves (worn)
 n - a +0 helmet (worn)
 w - a scarf of resistance (worn)
 B - a +0 kite shield (worn)
 I - a +0 plate armour (worn)
Jewellery
 d - a +6 ring of dexterity (left hand)
 D - an amulet of faith
 K - a ring of protection from fire
 M - a +6 ring of intelligence
Wands
 r - a wand of acid (6)
 G - a wand of paralysis (5) (quivered)
 J - a wand of charming (12)
 L - a wand of iceblast (7)
Scrolls
 b - 2 scrolls of noise {unknown}
 e - 2 scrolls of blinking {unknown}
 g - a scroll of torment {unknown}
 j - a scroll of summoning {unknown}
 k - 4 scrolls of identify {unknown}
 l - a scroll of amnesia {unknown}
 m - a scroll of fear {unknown}
 o - 2 scrolls of immolation {unknown}
 p - 2 scrolls of vulnerability {unknown}
 q - a scroll of teleportation {unknown}
 y - a scroll of acquirement {unknown}
 C - 2 scrolls of magic mapping {unknown}
Potions
 s - 3 potions of brilliance {unknown}
 t - 3 potions of lignification {unknown}
 u - 4 potions of curing {unknown}
 x - 2 potions of magic {unknown}
 z - a potion of degeneration {unknown}
 A - a potion of invisibility {unknown}
 E - a potion of haste {unknown}
 F - a potion of attraction {unknown}


   Skills:
 - Level 11.0 Fighting
 + Level 13.2 Axes
 - Level 3.2 Armour
 - Level 3.2 Shields


You had 8 spell levels left.
You didn't know any spells.
Your spell library contained the following spells:

 Spells                   Type           Power      Damage    Failure   Level
 Sublimation of Blood     Necr           0%         N/A       100%        2
 Petrify                  Tmut/Erth      0%         N/A       100%        4
 Irradiate                Conj/Tmut      0%         3d13      100%        5
 Chain Lightning          Conj/Air       0%         N/A       100%        9
 Fire Storm               Conj/Fire      0%         5d1       100%        9
 Shatter                  Erth           0%         3d5*      100%        9


Dungeon Overview and Level Annotations

Branches:
Dungeon (8/15)             Temple (1/1) D:7
   Lair: D:8-11

Altars:
Ashenzari
Cheibriados
Dithmenos
Fedhas
Hepliaklqana
Kikubaaqudgha
Nemelex Xobeh
Okawaru
Qazlal
Ru
Sif Muna
Trog
Uskayaw
Vehumet
Wu Jian
Yredelemnul
Zin
The Shining One

Annotations:
D:4 3 runed translucent doors, Ebobla's ghost, amateur DsFi
D:5 Dowan; Duvessa


Message History

The troll claws you.
* * * LOW HITPOINT WARNING * * *
Throw: 3 darts (atropa)
Press: ? - help, Q - select action, (/) - cycle Shift-Dir - straight line, f/p - troll
Aim: a troll (moderately wounded, 65% to hit, chance to blind on hit: 3%)
You throw an atropa-tipped dart. The atropa-tipped dart hits the troll.
The troll resists.
The troll is moderately wounded.
The troll barely misses you. x2; The troll claws you but does no damage.
Throw: 2 darts (atropa)
Press: ? - help, Q - select action, (/) - cycle Shift-Dir - straight line, f/p - troll
Aim: a troll (moderately wounded, 65% to hit, chance to blind on hit: 3%)
You throw an atropa-tipped dart. The atropa-tipped dart hits the troll.
The troll resists.
The troll is moderately wounded.
You block the troll's attack.
The troll claws you but does no damage. x2
Throw: dart (atropa)
Press: ? - help, Q - select action, (/) - cycle Shift-Dir - straight line, f/p - troll
Aim: a troll (lightly wounded, 65% to hit, chance to blind on hit: 3%)
You throw an atropa-tipped dart.
The atropa-tipped dart closely misses the troll.
The troll bites you.
* * * LOW HITPOINT WARNING * * *
The troll claws you but does no damage. x2
You slash the troll!
The troll is moderately wounded.
The troll bites you.
* * * LOW HITPOINT WARNING * * *
The troll claws you!
* * * LOW HITPOINT WARNING * * *
The troll claws you!
* * * LOW HITPOINT WARNING * * *
Aiming: Paralyse
Press: ? - help, Q - select action, (/) - cycle Shift-Dir - straight line, f/p - troll
Aim: a troll (moderately wounded, chance to affect: 49%)
The troll resists with some effort.
The troll bites you but does no damage. The troll claws you.
* * * LOW HITPOINT WARNING * * *
The troll claws you.
You die...

.......................
##......................
...........#####........
#######......................
#..........#.................
#..........#.................
###..........#.................
#...................[..........
#......(.....T@................
#........(...........##........
#.......(............##........
###...###............#####.#+##
#... ##########....#.......#
..... .........#........
....... ..................
....... ........#.##......
...T... .....####.##......


You could see a troll.

Vanquished Creatures
  Pikel (D:5)
  Prince Ribbit (D:5)
  A shadow (D:8)
  A wyvern (D:8)
  A steam dragon (D:7)
  A water moccasin (D:4)
  2 orc warriors
  A sky beast (D:5)
  A black bear (D:6)
  4 ogres
  A phantom (D:4)
  A centaur (D:5)
  A bullfrog (D:6)
  A bullfrog zombie (D:5)
  2 centaur zombies
  A gnoll shaman (D:6)
  An orc priest (D:8)
  A hound (D:6)
  4 orc wizards
  Terence (D:6)
  4 iguanas
  21 gnolls
  10 adders
  A shadow imp (D:6)
  A white imp (D:7)
  2 adder skeletons (D:4)
  A worm (D:2)
  2 dart slugs
  12 orcs
  A bat skeleton (D:2)
  4 endoplasms
  3 giant cockroaches
  4 goblins
  11 hobgoblins
  5 jackals
  5 kobolds
  3 quokkas
  8 ball pythons
  6 bats
  9 frilled lizards
  A giant cockroach zombie (D:2)
  A quokka skeleton (D:2)
  7 rats
150 creatures vanquished.

Vanquished Creatures (others)
  3 withered plants (D:2)
3 creatures vanquished.

Grand Total: 153 creatures vanquished

Notes
Turn   | Place    | Note
-------+----------+-------------------------------------------
     0 | D:1      | Robocop the Hill Orc Fighter began the quest for the Orb.
     0 | D:1      | Reached XP level 1. HP: 19/19 MP: 1/1
    30 | D:1      | Reached skill level 3 in Axes
   159 | D:1      | Reached XP level 2. HP: 21/26 MP: 2/2
   299 | D:1      | Reached skill level 4 in Axes
   666 | D:2      | Reached XP level 3. HP: 26/31 MP: 3/3
   934 | D:2      | Reached skill level 5 in Axes
  1117 | D:2      | Reached XP level 4. HP: 36/39 MP: 4/4
  1125 | D:2      | Reached skill level 6 in Axes
  1583 | D:3      | Noticed Terence
  1724 | D:3      | Reached XP level 5. HP: 45/45 MP: 5/5
  1819 | D:3      | Found a stormy altar of Qazlal.
  2001 | D:3      | Reached skill level 7 in Axes
  2343 | D:3      | Found a glowing golden altar of the Shining One.
  2475 | D:3      | Reached skill level 8 in Axes
  2521 | D:3      | Reached XP level 6. HP: 51/51 MP: 6/6
  2809 | D:4      | Found a runed translucent gate.
  2814 | D:4      | Found a runed translucent gate.
  2814 | D:4      | Found a runed translucent gate.
  2853 | D:4      | Noticed Ebobla's ghost (amateur DsFi)
  3000 | D:4      | Reached skill level 9 in Axes
  3616 | D:5      | Entered Level 5 of the Dungeon
  3623 | D:5      | Noticed a water moccasin
  3681 | D:5      | Reached XP level 7. HP: 53/57 MP: 7/7
  3704 | D:5      | Noticed Pikel
  3827 | D:4      | Reached skill level 10 in Axes
  4127 | D:5      | Reached skill level 11 in Axes
  4279 | D:5      | Killed Pikel
  4280 | D:5      | Reached XP level 8. HP: 32/74 MP: 8/8
  4549 | D:5      | Noticed Prince Ribbit
  4607 | D:5      | Killed Prince Ribbit
  4771 | D:5      | Noticed Duvessa
  4822 | D:6      | Reached XP level 9. HP: 74/85 MP: 9/9
  4847 | D:6      | Killed Terence
  4853 | D:6      | Reached skill level 10 in Fighting
  6258 | D:5      | Noticed Dowan
  6596 | D:7      | Found a staircase to the Ecumenical Temple.
  6616 | Temple   | Entered the Ecumenical Temple
  6934 | D:7      | Reached skill level 12 in Axes
  7350 | D:8      | Reached skill level 13 in Axes
  7505 | D:8      | Noticed a troll
  7538 | D:8      | HP: 3/87 [troll (8)]
  7539 | D:8      | Slain by a troll

Illustrated notes

Levels and vault maps discovered:
D:1:      lightli_iron_boxes, layout_rooms, serial_aquarium,
          aquarium_bridge_square [aquarium_subvault_window,
          aquarium_subvault_bridge, aquarium_subvault_bridge,
          aquarium_subvault_wall], aquarium_window_corner, aquarium_window_3,
          aquarium_window_1, aquarium_window_corner, aquarium_view_2c,
          aquarium_view_2e, aquarium_balcony_1b, aquarium_pool_2
D:2:      minmay_angry_zag, layout_rooms, serial_undead, serial_undead_e,
          serial_undead_a, serial_undead_b, serial_undead_a, serial_undead_a,
          serial_undead_b, minmay_close_crescents
D:3:      minmay_razor_zed, layout_basic, marbit_many_paths,
          grunt_qazlal_sundering, uniq_terence
D:4:      layout_cave_pools, serial_rivers, chequers_serial_rivers_micro_d,
          chequers_serial_rivers_small_b, chequers_serial_rivers_micro_c,
          chequers_serial_rivers_micro_e, chequers_serial_rivers_large_b,
          chequers_serial_rivers_marsh, gammafunk_ghost_icy
D:5:      layout_rooms, uniq_prince_ribbit1, uniq_pikel, uniq_duvessa
D:6:      layout_gridville
D:7:      layout_cave_pools, grunt_temple_overflow_champion_of_chaos,
          temple_green, nicolae_stop_n_shop_2
D:8:      layout_basic, grunt_gozag_breadcrumbs
Temple:   regret_index_temple_sphere_string

Skill      XL: |  1  2  3  4  5  6  7  8  9 |
---------------+----------------------------+-----
Axes           | 3 4 5 6 8 9 11 13 | 13.2
Fighting       | 8 9 11 | 11.0
Armour         | |  3.2
Shields        | |  3.2

Action                   |  1- 3 |  4- 6 |  7- 9 || total
-------------------------+-------+-------+-------++-------
Melee: War axe           |    95 |   176 |   216 ||   487
Throw: Dart              |       |     3 |     7 ||    10
       Throwing net      |       |       |     1 ||     1
Evoke: Wand              |       |       |     1 ||     1
  Use: Potion            |       |       |     1 ||     1
Armor: Scale mail        |    60 |    99 |    55 ||   214
       Plate armour      |       |       |    72 ||    72
Dodge: Dodged            |    55 |   109 |    74 ||   238
Block: Buckler           |    28 |    48 |       ||    76
       Kite shield       |       |     9 |   105 ||   114
